 Dungeon Crawl Stone Soup version 0.15.1-3-g1b33baa (webtiles) character file.

248 Johnny the Chiller (level 5, -3/41 HPs)
             Began as a Demigod Ice Elementalist on Oct 3, 2014.
             Slain by an orc warrior
             ... wielding a +0 short sword
              (4 damage)
             ... on Level 4 of the Dungeon on Oct 4, 2014.
             The game lasted 00:15:49 (3539 turns).

Johnny the Chiller (Demigod Ice Elementalist)       Turns: 3539, Time: 00:15:50

HP  -3/41        AC  6     Str 13      XL: 5   Next: 55%
MP  11/12        EV 14     Int 20      God:
Gold 144         SH  0     Dex 21      Spells:  2 memorised,  4 levels left

rFire  . . .     SeeInvis .     n - +2 quarterstaff (chaos)
rCold  + . .     Clarity  .     g - +0 ring mail {rC+}
rNeg   . . .     rCorr    .     (no shield)
rPois  .         rRot     .     (no helmet)
rElec  .         Spirit   .     o - +0 cloak
SustAb .         Warding  .     (no gloves)
rMut   .         Stasis   .     (no boots)
Gourm  .                        (no amulet)
MR     .....                    (no ring)
                                (no ring)

@: agile, lethally poisoned, not resistant to hostile enchantments, fairly
stealthy
A: no striking features
a: no special abilities


You were on level 4 of the Dungeon.
You were not hungry.

You visited 1 branch of the dungeon, and saw 4 of its levels.

You collected 144 gold pieces.

Inventory:

Hand weapons
 n - a +2 quarterstaff of chaos (weapon)
Armour
 g - a +0 ring mail of cold resistance (worn)
 o - a +0 cloak (worn)
Comestibles
 c - a bread ration
 h - 2 fruits
 j - a slice of pizza
 m - a meat ration
 q - 2 beef jerkies
 r - a royal jelly
Scrolls
 e - a scroll of teleportation {unknown}
 f - 5 scrolls of enchant armour
 i - 2 scrolls of random uselessness
 k - a scroll of amnesia {unknown}
 p - a scroll of fear {unknown}
 t - a scroll of recharging {unknown}
 v - a scroll of identify
 w - a scroll of remove curse
Jewellery
 l - a cursed -2 ring of protection {unknown}
Potions
 u - a potion of haste {unknown}
Books
 b - a book of Frost

   Spells                             Type                      Level
   *Freeze                            Ice                          1
   Throw Frost                        Conjuration/Ice              2
   Ozocubu's Armour                   Charms/Ice                   3
   Throw Icicle                       Conjuration/Ice              4
   *Summon Ice Beast                  Ice/Summoning                4
   Condensation Shield                Ice                          4


   Skills:
 * Level 2.0 Fighting
 + Level 1.2 Armour
 + Level 2.4 Dodging
 * Level 2.7 Stealth
 * Level 2.7 Spellcasting
   Level 0.8 Conjurations
 * Level 1.0 Summonings
 * Level 3.6 Ice Magic


You had 4 spell levels left.
You knew the following spells:

 Your Spells              Type           Power        Failure   Level  Hunger
a - Freeze                Ice            ###.         6%          1    None
b - Summon Ice Beast      Ice/Summ       ##......     77%         4    ####...


Dungeon Overview and Level Annotations

Branches:
Dungeon (4/15)
 Temple: D:4-7


Message History

That liquid tasted very nasty...
You are lethally poisoned!
It was a potion of poison.
* * * LOW HITPOINT WARNING * * *
You feel sick. The orc warrior barely misses you.
Unknown command.
Drink which item? (? for menu, Esc to quit)
It has a very clean taste.
It was a potion of cure mutation.
* * * LOW HITPOINT WARNING * * *
You feel sick.
The orc warrior hits you with a short sword!
* * * LOW HITPOINT WARNING * * *
Unknown command.
Drink which item? (? for menu, Esc to quit)
You feel agile all of a sudden.
It was a potion of agility.
* * * LOW HITPOINT WARNING * * *
You feel sick.
The orc warrior hits you with a short sword.
You die...

#..... .. #....# #... ..
#....# #.......#
##....###..# .....###
##.........# .. #...##
.##.........# .# #....
........)...#####.# #...#
#.......).....##..# #...#
#........@o......# ##..##
#...#####.......####...##
#.. ##.......#...##.# #
#..####.#..#####. . #.##
#.##..# #. ...######.#
..###.## ##
..........#####.## #..# #
................# ##.## #
...######%....#.# #..###


You could see an orc warrior.

Vanquished Creatures
  An orc priest (D:3)
  Crazy Yiuf (D:2)
  5 adders
  4 gnolls (D:3)
  3 worms
  A giant gecko (D:1)
  2 oozes
  6 orcs
  3 ball pythons
  4 bats
  4 giant cockroaches
  9 hobgoblins
  8 jackals
  3 quokkas
  2 giant newts
  5 goblins
  7 kobolds
  8 rats
76 creatures vanquished.

Notes
Turn   | Place    | Note
--------------------------------------------------------------
     0 | D:1      | Johnny, the Demigod Ice Elementalist, began the quest for the Orb.
     0 | D:1      | Reached XP level 1. HP: 14/14 MP: 3/3
   452 | D:1      | Reached XP level 2. HP: 22/22 MP: 2/4
   663 | D:1      | Reached skill level 3 in Ice Magic
  1033 | D:2      | Reached skill level 1 in Fighting
  1033 | D:2      | Reached XP level 3. HP: 21/28 MP: 0/8
  1260 | D:2      | HP: 1/28 [poisoned by an adder]
  1343 | D:2      | Found a stormy altar of Qazlal.
  1703 | D:2      | Noticed Crazy Yiuf
  1716 | D:2      | Killed Crazy Yiuf
  1716 | D:2      | Reached XP level 4. HP: 35/35 MP: 9/11
  2326 | D:3      | Learned a level 4 spell: Summon Ice Beast
  2462 | D:3      | Reached skill level 1 in Armour
  2642 | D:3      | Reached XP level 5. HP: 22/41 MP: 6/12
  3398 | D:4      | Reached skill level 1 in Summonings
  3481 | D:4      | Noticed an orc warrior
  3538 | D:4      | HP: 1/41 [orc warrior/short sword (10)]
  3539 | D:4      | Slain by an orc warrior

Action                   |  1- 3 |  4- 6 || total
-------------------------+-------+-------++-------
Melee: Dagger            |    50 |       ||    50
       Unarmed           |     1 |       ||     1
       Quarterstaff      |       |    92 ||    92
 Cast: Freeze            |    73 |    43 ||   116
  Use: Potion            |     2 |     3 ||     5
       Scroll            |       |     4 ||     4
 Stab: Sleeping          |       |     3 ||     3
       Paralysed         |       |     1 ||     1
  Eat: Chunk             |     3 |     6 ||     9
       Fruit             |       |     1 ||     1
